 Dungeon Crawl Stone Soup version 0.26-a0-438-g4b1dca4f87 (webtiles) character file.

Game seed: 4129269925809916961

166287 Morbidden the Blocker (level 17, 0/88 HPs)
             Began as a Vine Stalker Monk on July 26, 2020.
             Was the Champion of Cheibriados.
             Slain by an alligator (9 damage)
             ... on level 3 of the Swamp.
             The game lasted 01:09:31 (26095 turns).

Morbidden the Blocker (Vine Stalker Monk)          Turns: 26095, Time: 01:09:31

Health: 0/88       AC: 25    Str: 40    XL:     17   Next: 89%
Magic:  0/29       EV: 17    Int: 28    God:    Cheibriados [******]
Gold:   2527       SH: 18    Dex: 42    Spells: 31/37 levels left

rFire    + + .     SeeInvis +   a - +4 dagger (elec)
rCold    + + +     Faith    .   g - +0 kite shield {reflect}
rNeg     . . .     Spirit   +   o - +7 chain mail of Cuziged {-Cast rF+ rC+++ SInv}
rPois    .         Reflect  +   x - +0 helmet {Int+3}
rElec    .         Harm     .   T - scarf {rC+ rF+}
rCorr    .         NoCast   +   y - +1 pair of gloves
MR       ++...                  r - +0 pair of boots
Stlth    ++........             S - amulet of regeneration
HPRegen  1.44/turn              K - +6 ring of dexterity
MPRegen  0.21/turn              X - +6 ring of strength

@: marked, very slow
A: fangs 3, agile 1, low mp 1, regeneration 2, screaming 1, magic shield,
antimagic bite, no potion heal 3, rot immunity
a: Bend Time, Temporal Distortion, Slouch, Step From Time, Renounce Religion


You were on level 3 of the Swamp.
You worshipped Cheibriados.
Cheibriados was exalted by your worship.
You visited 6 branches of the dungeon, and saw 28 of its levels.
You also visited: Bailey, Gauntlet and Ice Cave.

You collected 3256 gold pieces.
You spent 729 gold pieces at shops.

Inventory:

Hand Weapons
 a - a +4 dagger of electrocution (weapon)
 b - a +1 long sword of electrocution
Missiles
 i - 76 boomerangs (quivered)
 v - 18 poisoned darts
 F - 6 curare-tipped darts
 I - a throwing net
 W - 23 javelins
Armour
 g - a +0 kite shield of reflection (worn)
 o - the +7 chain mail of Cuziged (worn) {-Cast rF+ rC+++ SInv}
   (You found it on level 12 of the Dungeon)

   It protects you from fire.
   It renders you almost immune to cold.
   It lets you see invisible.
   It prevents spellcasting.
 r - a +0 pair of boots (worn)
 x - a +0 helmet of intelligence (worn)
 y - a +1 pair of gloves (worn)
 T - a scarf of resistance (worn)
 Y - +0 swamp dragon scales
Jewellery
 e - an uncursed ring of protection from fire
 J - an uncursed ring of flight
 K - a +6 ring of dexterity (left hand)
 O - an uncursed ring of protection from fire
 R - an uncursed ring of protection from cold
 S - an amulet of regeneration (around neck)
 X - a +6 ring of strength (right hand)
 Z - an uncursed ring of resist corrosion
Wands
 s - a wand of flame (26)
 u - a wand of disintegration (7)
 D - a wand of clouds (16)
 E - a wand of iceblast (54)
 P - a wand of digging (8)
 Q - a wand of paralysis (9)
Scrolls
 c - a scroll of fear
 f - 2 scrolls of fog
 j - 4 scrolls of magic mapping
 k - 3 scrolls of blinking
 l - 11 scrolls of amnesia
 n - 17 scrolls of remove curse
 p - 5 scrolls of identify
 t - 2 scrolls of enchant armour
 w - a scroll of summoning
 z - a scroll of enchant weapon
 B - 2 scrolls of silence
 C - 12 scrolls of teleportation
Potions
 d - 16 potions of curing
 h - 4 potions of ambrosia
 m - 3 potions of invisibility
 q - 5 potions of stabbing
 A - 4 potions of might
 G - 3 potions of flight
 H - 2 potions of lignification
 L - 2 potions of mutation
 M - a potion of cancellation
 N - a potion of brilliance
 V - a potion of resistance
Miscellaneous
 U - 3 phantom mirrors


   Skills:
 * Level 9.8 Fighting
 + Level 6.7(7.5) Short Blades
 + Level 5.2(6.8) Long Blades
 + Level 4.7 Throwing
 + Level 13.0 Armour
 + Level 6.2 Dodging
 + Level 6.9 Stealth
 * Level 14.1 Shields
 + Level 6.8 Unarmed Combat
 * Level 10.7 Spellcasting
 * Level 4.8 Transmutations
 * Level 5.3 Earth Magic
 * Level 9.9 Invocations
 + Level 2.1 Evocations


You had 31 spell levels left.
You knew the following spells:

 Your Spells              Type           Power        Failure   Level
a - Statue Form           Tmut/Erth      #####....    90%         6

Your spell library contained the following spells:

 Spells                   Type           Power        Failure   Level
 Sandblast                Erth           #####.       1%          1
 Passwall                 Tmut/Erth      #####...     1%          2
 Corona                   Hex            ##.....      11%         1
 Freeze                   Ice            ##..         11%         1
 Summon Small Mammal      Summ           ##..         11%         1
 Stone Arrow              Conj/Erth      ####..       11%         3
 Petrify                  Tmut/Erth      #####...     13%         4
 Call Imp                 Summ           ##......     16%         2
 Slow                     Hex            ##......     16%         2
 Call Canine Familiar     Summ           ##......     32%         3
 Confusing Touch          Hex            ##......     32%         3
 Frozen Ramparts          Ice            ##....       32%         3
 Gell's Gravitas          Tloc           ##........   32%         3
 Inner Flame              Hex/Fire       ##......     32%         3
 Ozocubu's Armour         Ice            ##......     32%         3
 Portal Projectile        Hex/Tloc       ##....       32%         3
 Summon Guardian Golem    Hex/Summ       ##......     32%         3
 Lee's Rapid Deconstruct  Erth           #####.....   32%         5
 Leda's Liquefaction      Hex/Erth       ####......   34%         4
 Ice Form                 Ice/Tmut       ####....     38%         4
 Cause Fear               Hex            ##........   71%         4
 Hailstorm                Conj/Ice       ##......     71%         4
 Summon Ice Beast         Ice/Summ       ##......     71%         4
 Summon Lightning Spire   Summ/Air       ##......     71%         4
 Yara's Violent Unravell  Hex/Tmut       ####......   75%         5
 Bolt of Magma            Conj/Fire/Erth ###.......   82%         5
 Metabolic Englaciation   Hex/Ice        ##........   96%         5
 Summon Demon             Summ           ##........   96%         5
 Summon Forest            Summ/Tloc      ##........   96%         5
 Summon Mana Viper        Hex/Summ       ##......     96%         5
 Iron Shot                Conj/Erth      ####......   99%         6
 Freezing Cloud           Conj/Ice/Air   ##........   100%        6
 Ozocubu's Refrigeration  Ice            ##........   100%        6
 Shadow Creatures         Summ           N/A          100%        6
 Simulacrum               Ice/Necr       ##........   100%        6
 Summon Hydra             Summ           ##........   100%        7
 Shatter                  Erth           #####.....   100%        9


Dungeon Overview and Level Annotations

Branches:
Dungeon (15/15)            Temple (1/1) D:7            Lair (6/6) D:10
  Swamp (3/4) Lair:2        Snake (0/4) Lair:3        Slime (0/5) Lair:5
    Orc (2/2) D:9             Elf (1/3) Orc:2        Vaults (0/5) D:14
 Depths (0/5) D:15         Bailey (visited)           IceCv (visited)
Gauntlet (visited)

Altars:
Ashenzari
Cheibriados
Dithmenos
Elyvilon
Fedhas
Gozag
Hepliaklqana
Kikubaaqudgha
Makhleb
Nemelex Xobeh
Okawaru
Qazlal
Ru
Sif Muna
Trog
Uskayaw
Vehumet
Wu Jian
Xom
Yredelemnul
Zin
The Shining One
Beogh
Jiyva

Shops:
D:9 (   Orc:2 !}}(

Portals:
Abyss: Lair:4

Annotations:
Lair:1 1 runed translucent door, Paonulo's ghost, journeyman KoHu
Lair:4 2 transporters, martbhell's ghost, journeyman MiBe
Lair:5 1 runed translucent door


Innate Abilities, Weirdness & Mutations

You have razor-sharp teeth.
You heal very quickly.
When hurt, damage is shared between your health and your magic reserves.
Your bite disrupts and absorbs the magic of your enemies.
Potions cannot restore your health.
You are immune to rotting.
You are agile. (Dex +2)
Your magical capacity is low. (-10% MP)
You occasionally shout uncontrollably at your foes.


Message History

You block the eight-headed hydra's attack.
A spriggan druid comes into view. It is wielding a +0 quarterstaff.
Unknown command.
Unknown command.
Unknown command.
Unknown command.
You can feel time thicken for a moment.
With its final breath, the spriggan druid offers up its power to the beasts of the wild!
The alligator is healed.
The alligator seems to grow more fierce.
You kill the spriggan druid!
Cheibriados thoroughly appreciates the change of pace.
You destroy the vampire mosquito!
Cheibriados thoroughly appreciates the change of pace.
You kill the eight-headed hydra!
Cheibriados appreciates the change of pace.
The alligator barely misses you.
The alligator tail-slaps you but does no damage.
You block the alligator's attack. The alligator tail-slaps you!
You die...

≈≈≈≈≈ .≈≈≈≈≈
≈≈..♣♣.≈≈≈≈≈≈
.≈..≈.≈≈≈≈≈.
♣..≈≈≈.≈≈.♣
♣♣..≈≈≈....♣
♣♣♣♣♣≈§.≈≈≈♣..♣
≈)≈.....§t†≈.≈♣
≈.)≈≈≈≈.≈@...♣♣
.≈≈≈≈≈≈..†§≈.♣≈
.≈≈≈≈....≈≈≈≈..≈
♣♣♣♣♣≈....≈≈≈..≈
♣≈....≈≈≈≈..? ♣♣♣♣♣
♣♣.≈..≈≈≈≈.≈≈ ♣.≈.♣♣
♣♣...≈≈≈≈≈..≈≈
♣.≈≈.♣♣♣♣..§≈≈≈≈≈≈...♣
♣♣≈≈≈♣≈≈.≈≈≈≈..≈≈≈≈≈..≈


You could see an alligator (strong, swift).

Vanquished Creatures
  Jorgrun (Swamp:2)
  The ghost of Zarlindeir the Geomancer, an adept GrEE of Vehumet (Swamp:2)
  The ghost of Ge0ff the Basher, a journeyman HuBe of Trog (Orc:1)
  A dire elephant (Lair:6)
  A minotaur (Gauntlet)
  2 vault guards (D:14)
  Erolcha (Orc:2)
  14 hydras
  An ice dragon (Lair:3)
  2 shambling mangroves (Swamp:1)
  5 alligators
  A two-headed ogre (D:13)
  An ogre mage (Orc:2)
  2 catoblepae
  3 dancing weapons (Elf:1)
  2 centaur warriors
  4 tengu warriors
  A deep troll shaman (Lair:6)
  10 death yaks
  5 spriggans
  Nergalle (Orc:2)
  7 deep elf knights (Elf:1)
  A fire crab (Gauntlet)
  2 sixfirhies (Gauntlet)
  3 skeletal warriors (D:13)
  5 wizards
  12 deep elf archers
  2 spriggan druids
  A swamp dragon (Lair:2)
  An unseen horror (D:10)
  Pikel (D:2)
  4 orc knights
  2 wolf spider zombies
  3 necromancers
  27 deep elf magi
  10 orc sorcerers
  2 manticores
  An oklob plant (Lair:4)
  7 ugly things
  A cyclops (D:12)
  6 black mambas
  2 ice statues
  2 centaur zombies
  Maurice (D:11)
  10 elephants
  12 cane toads
  Maggie (Lair:1)
  3 komodo dragons
  A rime drake (Lair:6)
  A queen bee (Gauntlet)
  10 freezing wraiths (IceCv)
  2 tyrant leeches (Swamp:1)
  3 tengu conjurers
  3 polar bears
  7 hornets
  6 trolls
  A wolf spider simulacrum (D:15)
  6 hippogriffs
  Grinder (D:4)
  A harpy skeleton (D:15)
  7 bog bodies (Swamp:1)
  9 slime creatures
  17 blink frogs
  Sigmund (D:6)
  An air elemental (Elf:1)
  A hippogriff (shapeshifter) (Elf:1)
  28 yaks
  5 shadows
  2 water elementals (Elf:1)
  2 wraiths (D:15)
  7 wyverns
  18 humans (D:14)
  3 basilisks
  2 fire elementals (Elf:1)
  4 fire bats (Gauntlet)
  10 vampire mosquitoes
  6 small abominations (Gauntlet)
  2 wargs (D:9)
  A steam dragon (Lair:6)
  A naga (Lair:3)
  8 swamp worms
  An insubstantial wisp (Swamp:1)
  3 acid dragons
  10 water moccasins
  5 porcupines
  3 hell hounds (Gauntlet)
  4 sky beasts
  35 orc warriors
  2 swamp drakes
  2 black bears
  15 ice beasts
  9 ogres
  2 necrophages
  2 phantoms
  An eye of draining (D:15)
  19 wolves
  19 centaurs
  2 lemures (D:3)
  11 crocodiles
  18 bullfrogs
  An earth elemental (Elf:1)
  6 scorpions
  A water moccasin skeleton (D:10)
  12 killer bees
  A swamp dragon simulacrum (IceCv)
  An elephant simulacrum (IceCv)
  14 wights
  An electric eel (Lair:2)
  4 howler monkeys
  5 draconian simulacra (IceCv)
  6 bullfrog zombies
  12 orc priests
  4 centaur skeletons
  2 hounds
  4 jellies
  2 bullfrog skeletons
  34 orc wizards
  8 iguanas
  10 worker ants
  2 spriggan simulacra (IceCv)
  7 hell rats (Lair:3)
  2 troll simulacra (IceCv)
  2 wolf simulacra (IceCv)
  3 centaur simulacra (IceCv)
  A hound zombie (D:6)
  2 worker ant zombies
  Robin (D:4)
  A howler monkey skeleton (D:5)
  11 gnolls
  18 adders
  4 naga simulacra (IceCv)
  4 ogre simulacra (IceCv)
  3 shadow imps
  27 white imps
  3 ufetubi
  An ooze (D:3)
  2 adder skeletons
  2 dart slugs
  3 worms
  A leopard gecko (D:6)
  55 orcs
  5 giant cockroaches
  14 goblins
  14 hobgoblins
  2 quokkas
  A ball python (D:3)
  A bat (D:3)
  6 frilled lizards
  20 kobolds
  12 rats
887 creatures vanquished.

Vanquished Creatures (collateral kills)
  A hydra (D:14)
1 creature vanquished.

Vanquished Creatures (others)
  A deep elf knight (Elf:1)
  An orc wizard (Orc:2)
  3 fungi
  A plant (Lair:3)
6 creatures vanquished.

Grand Total: 894 creatures vanquished

Notes
Turn   | Place    | Note
-------+----------+-------------------------------------------
     0 | D:1      | Morbidden the Vine Stalker Monk began the quest for the
                  | Orb.
     0 | D:1      | Reached XP level 1. HP: 11/11 MP: 2/2
   783 | D:1      | Reached XP level 2. HP: 12/16 MP: 3/3
  1304 | D:2      | Reached XP level 3. HP: 19/19 MP: 4/4
  1865 | D:2      | Found a faded altar of an unknown god.
  3094 | D:3      | Gained mutation: Your natural rate of healing is unusually
                  | fast. [Vine Stalker growth]
  3094 | D:3      | Reached XP level 4. HP: 23/24 MP: 6/6
  3161 | D:3      | Reached skill level 1 in Spellcasting
  3902 | D:4      | Noticed Robin
  3912 | D:4      | Noticed Grinder
  4055 | D:4      | Paralysed by Grinder for 6 turns
  4125 | D:4      | Killed Robin
  4125 | D:4      | Reached skill level 1 in Armour
  4125 | D:4      | Reached XP level 5. HP: 28/28 MP: 8/8
  4152 | D:4      | Paralysed by Grinder for 3 turns
  4183 | D:4      | HP: 1/28 [iguana (2)]
  4191 | D:4      | HP: 1/28 [poisoned by an adder]
  4343 | D:4      | Paralysed by Grinder for 4 turns
  4357 | D:4      | Killed Grinder
  4357 | D:4      | Reached skill level 1 in Shields
  4357 | D:4      | Reached XP level 6. HP: 22/33 MP: 6/10
  4463 | D:5      | Entered Level 5 of the Dungeon
  4517 | D:4      | Reached skill level 2 in Shields
  4679 | D:4      | Reached XP level 7. HP: 35/37 MP: 9/11
  4727 | D:4      | Noticed Pikel
  4930 | D:2      | Killed Pikel
  4930 | D:2      | Reached skill level 1 in Throwing
  4930 | D:2      | Reached skill level 3 in Shields
  4930 | D:2      | Reached skill level 5 in Unarmed Combat
  4930 | D:2      | Gained mutation: You have razor-sharp teeth. [Vine Stalker
                  | growth]
  4930 | D:2      | Reached XP level 8. HP: 24/42 MP: 5/13
  5213 | D:4      | Found a shimmering blue altar of Sif Muna.
  5555 | D:5      | Reached skill level 4 in Shields
  5826 | D:5      | Found an ancient bone altar of Kikubaaqudgha.
  5915 | D:5      | Reached XP level 9. HP: 30/46 MP: 11/16
  6384 | D:6      | Reached skill level 1 in Short Blades
  6411 | D:6      | Noticed Sigmund
  6422 | D:6      | Killed Sigmund
  6455 | D:6      | Found a glowing silver altar of Zin.
  6493 | D:6      | Reached skill level 5 in Fighting
  6507 | D:6      | Found a shimmering altar of Xom.
  6602 | D:6      | Reached skill level 5 in Shields
  7038 | D:7      | Found a staircase to the Ecumenical Temple.
  7047 | Temple   | Entered the Ecumenical Temple
  7264 | Temple   | Became a worshipper of Cheibriados the Contemplative
  7264 | Temple   | Reached * piety under Cheibriados
  7264 | Temple   | Reached ** piety under Cheibriados
  7417 | D:7      | Found a sacrificial altar of Ru.
  7547 | D:7      | Found a hazy altar of Hepliaklqana.
  7745 | D:7      | Found an iron altar of Okawaru.
  7756 | D:7      | Reached skill level 6 in Shields
  7756 | D:7      | Reached skill level 5 in Spellcasting
  7756 | D:7      | Reached skill level 1 in Invocations
  7756 | D:7      | Reached XP level 10. HP: 46/51 MP: 18/18
  8150 | D:8      | Found an opulent altar of Gozag.
  8440 | D:8      | Reached *** piety under Cheibriados
  8586 | D:8      | Found a burning altar of Makhleb.
  8849 | D:9      | Found Owuwon's Antique Weapon Boutique.
  8864 | D:9      | Found a flagged portal.
  8874 | Bailey   | Entered a bailey
  8880 | Bailey   | Noticed an orc knight
  8880 | Bailey   | Noticed an orc knight
  8955 | Bailey   | Noticed an orc knight
  9124 | Bailey   | Killed an orc knight
  9127 | Bailey   | Reached skill level 1 in Evocations
  9160 | Bailey   | Reached **** piety under Cheibriados
  9258 | Bailey   | Killed an orc knight
  9258 | Bailey   | Reached skill level 7 in Shields
  9279 | Bailey   | Gained mutation: You occasionally shout uncontrollably at
                  | your foes. [potion of mutation]
  9279 | Bailey   | Gained mutation: Your magical capacity is low. (-10% MP)
                  | [potion of mutation]
  9279 | Bailey   | Gained mutation: You are agile. (Dex +2) [potion of
                  | mutation]
  9291 | Bailey   | Killed an orc knight
  9678 | D:9      | Reached XP level 11. HP: 52/56 MP: 19/19
  9796 | D:9      | Reached skill level 5 in Armour
  9811 | D:9      | Reached ***** piety under Cheibriados
  9836 | D:9      | Found a staircase to the Orcish Mines.
 10007 | D:10     | Entered Level 10 of the Dungeon
 10447 | D:10     | Found a staircase to the Lair.
 10489 | D:10     | Killed an unseen horror
 10489 | D:10     | Reached skill level 8 in Shields
 10904 | D:11     | Found a gate leading to a gauntlet.
 10913 | Gauntlet | Entered a Gauntlet
 10913 | Gauntlet | Found a transporter.
 10925 | Gauntlet | Found a transporter.
 10925 | Gauntlet | Found a transporter.
 10926 | Gauntlet | Found a transporter.
 10937 | Gauntlet | Found a transporter.
 10938 | Gauntlet | Found a transporter.
 10946 | Gauntlet | Noticed a fire crab
 10947 | Gauntlet | Found a transporter.
 10949 | Gauntlet | Found a transporter.
 10950 | Gauntlet | Found a transporter.
 10952 | Gauntlet | Noticed a sixfirhy
 10958 | Gauntlet | Found a transporter.
 10959 | Gauntlet | Noticed a sixfirhy
 10961 | Gauntlet | Found a transporter.
 10962 | Gauntlet | Found a transporter.
 10970 | Gauntlet | Found a transporter.
 11018 | Gauntlet | Found a transporter.
 11170 | Gauntlet | Killed a fire crab
 11182 | Gauntlet | Gained mutation: You heal very quickly. [Vine Stalker
                  | growth]
 11182 | Gauntlet | Reached XP level 12. HP: 28/62 MP: 21/21
 11433 | Gauntlet | Reached skill level 9 in Shields
 11456 | Gauntlet | Reached skill level 5 in Invocations
 11538 | Gauntlet | Identified the +3 great sword of Lucrit {vorpal, Stlth+}
 11538 | Gauntlet | Noticed a minotaur
 11547 | Gauntlet | Killed a minotaur
 11788 | D:11     | Reached ****** piety under Cheibriados
 11845 | D:11     | Noticed Maurice
 11853 | D:11     | Killed Maurice
 12118 | Lair:1   | Entered Level 1 of the Lair of Beasts
 12139 | Lair:1   | Noticed Maggie
 12148 | Lair:1   | Killed Maggie
 12185 | Lair:1   | Noticed a four-headed hydra
 12193 | Lair:1   | Killed a four-headed hydra
 12504 | Lair:1   | Identified the +2 ring mail "Naci" {rElec MR+} (You found
                  | it on level 1 of the Lair of Beasts)
 12646 | Lair:1   | Found a runed translucent door.
 12646 | Lair:1   | Noticed Paonulo's ghost (journeyman KoHu)
 12851 | Lair:2   | Noticed a four-headed hydra
 12860 | Lair:2   | Killed a four-headed hydra
 12860 | Lair:2   | Reached skill level 10 in Shields
 12982 | Lair:2   | Noticed a death yak
 12983 | Lair:2   | Noticed a death yak
 12984 | Lair:2   | Noticed a death yak
 12984 | Lair:2   | Noticed a death yak
 12984 | Lair:2   | Noticed a death yak
 12990 | Lair:2   | Killed a death yak
 12992 | Lair:2   | Killed a death yak
 12995 | Lair:2   | Killed a death yak
 12995 | Lair:2   | Reached skill level 5 in Stealth
 12995 | Lair:2   | Reached XP level 13. HP: 40/68 MP: 14/23
 12999 | Lair:2   | Reached skill level 5 in Short Blades
 13122 | Lair:2   | Reached skill level 5 in Dodging
 13233 | Lair:2   | Got a pitted plate armour
 13276 | Lair:2   | Identified the +1 plate armour of Zasuerus {-Cast rC+ SInv}
                  | (You found it on level 2 of the Lair of Beasts)
 13441 | Lair:2   | Found a staircase to the Swamp.
 13853 | Lair:3   | Noticed an ice dragon
 13881 | Lair:3   | Killed an ice dragon
 14057 | Lair:3   | Found an iron altar of Okawaru.
 14370 | Lair:3   | Found a staircase to the Snake Pit.
 14935 | Lair:4   | Reached skill level 11 in Shields
 15223 | Lair:4   | Identified the +2 war axe of Plog {flame, Str-4 Int+6} (You
                  | found it on level 4 of the Lair of Beasts)
 15285 | Lair:4   | Found a radiant altar of Vehumet.
 15356 | Lair:4   | Found a transporter.
 15356 | Lair:4   | Identified the +9 spear "Siolacvu" {distort, +Fly Str-3
                  | Dex+4}
 15490 | Lair:4   | Found a one-way gate to the infinite horrors of the Abyss.
 15490 | Lair:4   | Noticed martbhell's ghost (journeyman MiBe)
 15503 | Lair:4   | Found a transporter.
 16101 | Lair:5   | Reached XP level 14. HP: 73/73 MP: 25/25
 16126 | Lair:5   | Found a runed translucent door.
 16126 | Lair:5   | Found a viscous altar of Jiyva.
 16127 | Lair:5   | Found a staircase to the Slime Pits.
 16127 | Lair:5   | Noticed an azure jelly
 16127 | Lair:5   | Noticed an azure jelly
 16781 | Lair:6   | Entered Level 6 of the Lair of Beasts
 17344 | Lair:6   | Noticed a dire elephant
 17351 | Lair:6   | Killed a dire elephant
 17389 | Lair:6   | Reached XP level 15. HP: 78/78 MP: 26/26
 17416 | Lair:6   | Reached skill level 12 in Shields
 18323 | D:12     | Found an iron altar of Okawaru.
 18421 | D:12     | Identified the +6 hunting sling "Reontocw" {flame, rElec
                  | Str+3 SInv} (You found it on level 12 of the Dungeon)
 18456 | D:12     | Identified the +7 chain mail of Cuziged {-Cast rF+ rC+++
                  | SInv} (You found it on level 12 of the Dungeon)
 18601 | D:12     | Found a basalt altar of Yredelemnul.
 18984 | D:13     | Found a frozen archway.
 19021 | IceCv    | Entered an ice cave
 19052 | IceCv    | Reached skill level 1 in Long Blades
 19177 | IceCv    | Learned a level 6 spell: Statue Form
 19192 | IceCv    | Found an ancient bone altar of Kikubaaqudgha.
 19543 | D:13     | Reached skill level 1 in Earth Magic
 19543 | D:13     | Reached XP level 16. HP: 81/83 MP: 27/27
 19559 | D:13     | Reached skill level 1 in Transmutations
 20621 | D:14     | Found a gate to the Vaults.
 20836 | D:15     | Entered Level 15 of the Dungeon
 21152 | D:15     | Reached skill level 13 in Shields
 21175 | D:15     | Found a staircase to the Depths.
 21679 | Orc:1    | Entered Level 1 of the Orcish Mines
 21714 | Orc:1    | Found a runed translucent door.
 21721 | Orc:1    | Noticed Ge0ff's ghost (journeyman HuBe)
 21785 | Orc:1    | Killed Ge0ff's ghost
 21809 | Orc:2    | Entered Level 2 of the Orcish Mines
 21953 | Orc:2    | Found a staircase to the Elven Halls.
 22579 | Orc:1    | Found a roughly hewn altar of Beogh.
 22730 | Orc:2    | Found Lihy's Gadget Shoppe.
 22744 | Orc:2    | Bought a wand of clouds (2) for 234 gold pieces
 22757 | Orc:2    | Found a radiant altar of Vehumet.
 22759 | Orc:2    | Noticed Erolcha
 22760 | Orc:2    | Paralysed by an orc sorcerer for 4 turns
 22767 | Orc:2    | Killed Erolcha
 22787 | Orc:2    | Paralysed by an orc sorcerer for 7 turns
 22821 | Orc:2    | Found Kaorre's Distillery.
 22882 | Orc:2    | Found an ancient bone altar of Kikubaaqudgha.
 22883 | Orc:2    | Noticed Nergalle
 22894 | Orc:2    | Killed Nergalle
 22934 | Orc:2    | Found a roughly hewn altar of Beogh.
 22934 | Orc:2    | Found Jeakiew's Gadget Emporium.
 22958 | Orc:2    | Found Joar's Antique Weapon Emporium.
 23035 | Orc:2    | Bought a wand of clouds (7) for 495 gold pieces
 23144 | Elf:1    | Entered Level 1 of the Elven Halls
 23215 | Elf:1    | Reached skill level 10 in Spellcasting
 23303 | Elf:1    | Reached XP level 17. HP: 70/88 MP: 28/28
 24270 | Swamp:1  | Entered Level 1 of the Swamp
 24710 | Swamp:1  | Found a transporter.
 24912 | Swamp:1  | Found a transporter.
 25291 | Swamp:2  | Found a runed translucent door.
 25291 | Swamp:2  | Noticed Zarlindeir's ghost (adept GrEE)
 25364 | Swamp:2  | Reached skill level 5 in Earth Magic
 25569 | Swamp:2  | Reached skill level 5 in Long Blades
 25620 | Swamp:2  | Reached skill level 14 in Shields
 25647 | Swamp:2  | Noticed Jorgrun
 25664 | Swamp:2  | Killed Jorgrun
 25970 | Swamp:2  | Killed Zarlindeir's ghost
 26095 | Swamp:3  | Slain by an alligator

Illustrated notes

Levels and vault maps discovered:
D:1:      dpeg_arrival_signposts, layout_loops_corners, serial_forest,
          infiniplex_forest_clump_cross, infiniplex_forest_clump_double,
          infiniplex_forest_corner_1, infiniplex_forest_lined_2,
          infiniplex_forest_straight_4, infiniplex_forest_end_3,
          infiniplex_forest_lined_3, st_stairs_10
D:2:      layout_basic, chequers_ecumenical_altar_twisty, minivault_19
D:3:      layout_basic
D:4:      layout_cave_pools, led_sif_book, uniq_robin, uniq_pikel, uniq_grinder
D:5:      layout_cave_pods, kiku_gazebo_pond_becter
D:6:      layout_rooms, zin_treasury, xom_teletrap_fun, uniq_sigmund
D:7:      layout_basic, okawaru_ov_weapons_minmay, lemuel_crystal_altar,
          lemuel_round_altar, lemuel_temple_firewalk_a, grunt_tough_drop
D:8:      wad_crossroads, layout_basic, nicolae_overflow_crystal_walls,
          lemuel_doored_altar
D:9:      layout_cave_pools, david_orc_1_choice, serial_shops, shop,
          enter_bailey_2
D:10:     layout_loops_ring, lair_entry_dummy, kennysheep_generic_room_4
D:11:     layout_roguey, gauntlet_entry_generic, lemuel_flamethrower_2,
          uniq_maurice
D:12:     evilmike_iron_armoury, layout_cave_pools, basic_altar
D:13:     layout_roguey, portal_ice_cave_entry_imps
D:14:     layout_basic, grunt_vaults_entry_tiered, serial_curves,
          eino_curves_02, eino_curves_02
D:15:     grunt_enter_depths_magical_seal, layout_loops_ring, dk_noncrumbling_4
Temple:   nicolae_temple_figure_eight
Lair:1:   layout_roguey, ebering_ghost_inner_flame, uniq_maggie
Lair:2:   layout_chaotic_city, minmay_swamp_entry_reptiles, serial_bayou_shore_a
Lair:3:   layout_roguey, guppyfry_snake_entry_island, basic_altar, ice2_lemuel
Lair:4:   layout_roguey, basic_altar, gammafunk_ghost_abyssal_escape,
          grunt_megastairs_1
Lair:5:   layout_hall_layers, slime_altar_2
Lair:6:   grunt_lair_end_beastmaster, layout_cave_pods, guppyfry_lair_drakes
Swamp:1:  gammafunk_the_bubble [the_bubble_gammafunk_plus_minus],
          layout_falls_marsh, serial_swamp_ruin, evilmike_swamp_ruin_house_5,
          evilmike_swamp_ruin_rubble_1, infiniplex_staircase_pool
Swamp:2:  layout_basic_swamp, ebering_ghost_inner_flame,
          evilmike_swamp_ruin_house_1, uniq_jorgrun
Swamp:3:  layout_basic_swamp, evilmike_swamp_ruin_house_6, swamp_pool2
Orc:1:    layout_diamond_mine, ebering_ghost_inner_flame, lemuel_statue_altar
Orc:2:    kennysheep_orc_mage_school, layout_diamond_mine, special_room
Elf:1:    elf_arrival_001, layout_loops_ring, hangedman_corner_corridor

Skill      XL: |  1  2  3  4  5  6  7  8  9 10 11 12 13 14 15 16 17 |
---------------+----------------------------------------------------+-----
Fighting       | 3 4 5 6 7 8 9 |  9.8
Spellcasting   | 1 2 3 4 5 6 7 8 9 10 | 10.7
Unarmed Combat | 4 5 6 |  6.8
Armour         | 1 2 3 4 6 7 8 12 13 | 13.0
Shields        | 1 2 3 4 6 7 8 10 11 12 13 14 | 14.1
Throwing       | 1 2 3 4 |  4.7
Dodging        | 3 4 5 6 |  6.2
Short Blades   | 2 3 4 5 6 |  6.7
Invocations    | 1 3 4 5 7 8 9 |  9.9
Evocations     | 1 2 |  2.1
Stealth        | 3 5 6 |  6.9
Long Blades    | 1 3 5 |  5.2
Earth Magic    | 1 3 5 |  5.3
Transmutations | 3 4 |  4.8

Action                   |  1- 3 |  4- 6 |  7- 9 | 10-12 | 13-15 | 16-18 || total
-------------------------+-------+-------+-------+-------+-------+-------++-------
Melee: Unarmed           |   134 |   188 |   219 |    35 |       |       ||   576
       Bite              |    40 |    60 |   191 |   379 |   521 |   602 ||  1793
       Dagger            |       |       |   221 |   523 |   672 |   360 ||  1776
       Long sword        |       |       |       |       |   108 |   579 ||   687
Throw: Stone             |     4 |       |     1 |       |       |       ||     5
       Dart              |       |    13 |    23 |       |       |       ||    36
       Boomerang         |       |       |       |    50 |    55 |    48 ||   153
Invok: Slouch            |       |       |       |     4 |     8 |     4 ||    16
Evoke: Wand              |       |       |     1 |    13 |    12 |     4 ||    30
  Use: Scroll            |       |     2 |     1 |    16 |    21 |     5 ||    45
       Potion            |       |     3 |       |     4 |     4 |       ||    11
 Stab: Sleeping          |       |       |       |     8 |    10 |     3 ||    21
       Distracted        |       |       |       |     2 |     2 |       ||     4
       Invisible         |       |       |       |       |     3 |       ||     3
       Petrified         |       |       |       |       |     3 |       ||     3
Armor: Chain mail        |    61 |   133 |   225 |    54 |    92 |   377 ||   942
       Troll leather arm |       |       |       |    77 |    11 |       ||    88
       Swamp dragon scal |       |       |       |       |   106 |       ||   106
Dodge: Dodged            |    21 |    43 |    97 |   221 |   373 |   446 ||  1201
Block: Kite shield       |    28 |    75 |   179 |   428 |   686 |   885 ||  2281
       Reflection        |       |       |       |       |    54 |    45 ||    99
       Rpst.: Long sword |       |       |       |       |    21 |    63 ||    84

Table legend: (Time is in decaauts)
 A = Elapsed time spent in this place.
 B = Non-inter-level travel time spent in this place.
 C = Inter-level travel time spent in this place.
 D = Time resting spent in this place.
 E = Time spent auto-exploring this place.
 F = Levels seen in this place.
 G = Mean time per level.
                   A        B        C        D        E       F      G
               +--------+--------+--------+--------+--------+-----+--------+
         Total |  38650 |  35704 |   2946 |    849 |  26354 |  31 | 1246.8 |
       Dungeon |  18394 |  16692 |   1702 |    206 |  12527 |  15 | 1226.3 |
        Temple |    244 |    222 |     22 |      0 |    181 |   1 |  244.0 |
          Lair |  10016 |   9508 |    508 |    259 |   7679 |   6 | 1669.3 |
         Swamp |   3198 |   3071 |    127 |      0 |   2373 |   3 | 1066.0 |
  Orcish Mines |   2679 |   2148 |    531 |      0 |   1544 |   2 | 1339.5 |
   Elven Halls |   1664 |   1609 |     55 |      0 |   1174 |   1 | 1664.0 |
        Bailey |    817 |    817 |      0 |    127 |    178 |   1 |  817.0 |
      Ice Cave |    759 |    759 |      0 |      0 |    391 |   1 |  759.0 |
      Gauntlet |    874 |    874 |      0 |    257 |    306 |   1 |  874.0 |
               +--------+--------+--------+--------+--------+-----+--------+

Top non-repeatable levels by time:
  Lair:6: 1846 daAuts
   Orc:2: 1807 daAuts
  Lair:2: 1740 daAuts
  Lair:4: 1711 daAuts
   Elf:1: 1664 daAuts
    D:14: 1657 daAuts
  Lair:5: 1655 daAuts
  Lair:3: 1631 daAuts
 Swamp:1: 1622 daAuts
     D:2: 1620 daAuts
     D:3: 1597 daAuts
    D:10: 1502 daAuts
    D:12: 1475 daAuts
  Lair:1: 1430 daAuts
 Swamp:2: 1421 daAuts
